 Dungeon Crawl Stone Soup version 0.16.1-11-g651b585 (webtiles) character file.

2006 Nihil the Covert (level 9, -8/41 HPs)
             Began as a Spriggan Enchanter on Apr 4, 2015.
             Shot with an arrow of flame by a centaur (13 damage)
             ... on level 7 of the Dungeon.
             The game lasted 00:18:08 (5919 turns).

Nihil the Covert (Spriggan Enchanter)               Turns: 5919, Time: 00:18:08

Health: -8/41      AC:  4    Str:  4    XL:     9   Next: 2%
Magic:  9/27       EV: 23    Int: 21    God:
Gold:   214        SH:  0    Dex: 20    Spells: 2 memorised, 17 levels left

rFire  . . .     SeeInvis +     m - +5 dagger
rCold  . . .     Clarity  .     b - +2 robe
rNeg   . . .     SustAb   .     (shield restricted)
rPois  .         Gourm    .     (helmet restricted)
rElec  .         Spirit   .     (no cloak)
rCorr  .         Warding  .     (gloves unavailable)
rMut   .         Stasis   .     (boots unavailable)
MR     +....                    (no amulet)
Stlth  +++++++...               a - +5 ring of intelligence
                                k - ring of stealth

@: very quick, somewhat resistant to hostile enchantments, extremely stealthy
A: unfitting armour, see invisible, herbivore 3, speed 3, slow metabolism 2
a: no special abilities


You were on level 7 of the Dungeon.
You were not hungry.

You visited 1 branch of the dungeon, and saw 7 of its levels.

You collected 311 gold pieces.
You spent 97 gold pieces at shops.

Inventory:

Hand weapons
 m - a +5 dagger (weapon)
Armour
 b - a +2 robe (worn)
Jewellery
 a - a +5 ring of intelligence (right hand)
 k - a ring of stealth (left hand)
 l - a cursed ring of ice
Magical devices
 f - a wand of frost (16)
 n - a wand of teleportation (6)
 q - a wand of teleportation (7)
Scrolls
 g - 6 scrolls of remove curse
 j - 3 scrolls of identify
 o - a scroll of fog
Potions
 e - 2 potions of heal wounds
 h - 5 potions of curing
 p - a potion of might {unknown}
 r - a potion of magic
Books
 c - a book of Maledictions

   Spells                             Type                      Level
   a - Corona                         Hexes                        1
   b - Sure Blade                     Hexes/Charms                 2
   c - Ensorcelled Hibernation        Hexes/Ice                    2
   d - Confuse                        Hexes                        3
   e - Dazzling Spray                 Conjuration/Hexes            3
   f - Enslavement                    Hexes                        4
Comestibles
 d - 3 bread rations
 i - 3 fruits


   Skills:
 + Level 1.4 Fighting
 + Level 3.1 Short Blades
 + Level 6.1 Dodging
 + Level 11.1 Stealth
 + Level 6.3 Spellcasting
 + Level 6.8 Hexes
 + Level 3.3 Ice Magic
 + Level 0.8 Evocations


You had 17 spell levels left.
You knew the following spells:

 Your Spells              Type           Power        Failure   Level  Hunger
a - Corona                Hex            #####..      1%          1    None
b - Ensorcelled Hibernat  Hex/Ice        ####..       1%          2    None


Dungeon Overview and Level Annotations

Branches:
Dungeon (7/15)
 Temple: D:4-7

Altars:
Kikubaaqudgha
Okawaru
Qazlal
Ru

Shops:
D:4 ?   D:5 }


Innate Abilities, Weirdness & Mutations

You are tiny and cannot use many weapons and most armour.
You have supernaturally acute eyesight.
You are a herbivore.
You cover ground extremely quickly.
You need consume almost no food.


Message History

Confirm with . or Enter, or press ? or * to list all spells.
Aiming: Ensorcelled Hibernation
Press: ? - help, Shift-Dir - straight line, f/p - centaur
Aim: a centaur (heavily wounded, chance 57%)
The centaur is unaffected.
The centaur misses you.
Casting: Ensorcelled Hibernation
Confirm with . or Enter, or press ? or * to list all spells.
Aiming: Ensorcelled Hibernation
Press: ? - help, Shift-Dir - straight line, f/p - centaur
Aim: a centaur (heavily wounded, chance 57%)
The centaur is unaffected.
The centaur shouts!
The centaur wields a shortbow.
The centaur shoots an arrow of flame.
The arrow of flame hits you!
* * * LOW HITPOINT WARNING * * *
The arrow of flame burns you.
* * * LOW HITPOINT WARNING * * *
The centaur closely misses you. The centaur barely misses you.
The centaur shoots an arrow of flame.
The arrow of flame hits you!
You die...

#.......##...
#####.......#....
..................
#####............
##........... .
###########.....###....
........................
.##.####...#######...####
...%....[@### #.###
##.##..c...# #.#
#....####.# . #### ...
.c# ...# .. .


You could see 2 centaurs.

Vanquished Creatures
  Prince Ribbit (D:6)
  Eustachio (D:6)
  An ogre (D:6)
  2 ice beasts
  3 centaurs
  2 orc warriors
  Duvessa (D:4)
  A water moccasin zombie (D:6)
  2 giant frogs
  2 giant frog zombies
  2 hounds (D:4)
  Dowan (D:4)
  2 crimson imps
  An orc priest (D:6)
  7 worker ants
  An orc wizard (D:6)
  Ijyb (D:7)
  A mummy (D:7)
  7 adders
  6 gnolls
  4 worms
  2 adder skeletons
  An adder zombie (D:7)
  2 giant geckos
  2 oozes
  5 orcs
  12 bats
  A bat skeleton (D:6)
  9 goblins
  6 hobgoblins
  8 kobolds
  3 quokkas
  A ball python (D:3)
  4 giant cockroaches
  5 giant newts
  A giant spore (D:6)
  5 jackals
  A quokka zombie (D:6)
  6 rats
  A ballistomycete (D:6)
124 creatures vanquished.

Notes
Turn   | Place    | Note
--------------------------------------------------------------
     0 | D:1      | Nihil, the Spriggan Enchanter, began the quest for the Orb.
     0 | D:1      | Reached XP level 1. HP: 9/9 MP: 4/4
   621 | D:1      | Reached XP level 2. HP: 13/13 MP: 7/7
  1098 | D:1      | Learned a level 2 spell: Ensorcelled Hibernation
  1144 | D:2      | Reached skill level 5 in Stealth
  1163 | D:2      | Reached XP level 3. HP: 16/16 MP: 5/10
  1552 | D:2      | Found an ancient bone altar of Kikubaaqudgha.
  2125 | D:3      | Found a stormy altar of Qazlal.
  2151 | D:3      | Reached XP level 4. HP: 10/21 MP: 1/13
  2308 | D:3      | Found a sacrificial altar of Ru.
  2658 | D:3      | Reached skill level 6 in Stealth
  2818 | D:3      | Reached XP level 5. HP: 25/25 MP: 9/16
  3043 | D:4      | Reached skill level 1 in Ice Magic
  3216 | D:4      | Noticed Dowan
  3219 | D:4      | Noticed Duvessa
  3229 | D:4      | Killed Dowan
  3519 | D:4      | Reached skill level 5 in Hexes
  3519 | D:4      | Reached XP level 6. HP: 29/29 MP: 20/20
  3538 | D:4      | Found Mawav's Magic Scroll Shop.
  3541 | D:4      | Bought a scroll of enchant weapon for 97 gold pieces
  3657 | D:4      | Killed Duvessa
  3657 | D:4      | Reached skill level 7 in Stealth
  4070 | D:5      | Entered Level 5 of the Dungeon
  4072 | D:5      | Reached XP level 7. HP: 32/32 MP: 22/22
  4152 | D:5      | Reached skill level 1 in Fighting
  4298 | D:5      | Reached skill level 8 in Stealth
  4308 | D:5      | Found Onoa's Gadget Shop.
  4309 | D:5      | Reached skill level 5 in Dodging
  4309 | D:5      | Reached skill level 5 in Spellcasting
  4477 | D:5      | Found an iron altar of Okawaru.
  4796 | D:6      | Reached skill level 9 in Stealth
  4796 | D:6      | Reached XP level 8. HP: 37/37 MP: 24/24
  4802 | D:6      | Noticed Eustachio
  4809 | D:6      | Killed Eustachio
  5233 | D:6      | Noticed Prince Ribbit
  5235 | D:6      | Killed Prince Ribbit
  5235 | D:6      | Reached skill level 10 in Stealth
  5900 | D:7      | Noticed Ijyb
  5913 | D:7      | Killed Ijyb
  5913 | D:7      | Reached skill level 11 in Stealth
  5915 | D:7      | Reached XP level 9. HP: 13/41 MP: 16/27
  5919 | D:7      | Shot with an arrow of flame by a centaur

Action                   |  1- 3 |  4- 6 |  7- 9 || total
-------------------------+-------+-------+-------++-------
Melee: Dagger            |   110 |    73 |   107 ||   290
 Cast: Ensorcelled Hiber |    13 |    57 |    35 ||   105
Evoke: Wand              |       |       |     1 ||     1
  Use: Scroll            |     8 |     5 |     2 ||    15
       Potion            |       |     4 |     2 ||     6
 Stab: Sleeping          |    16 |    36 |    29 ||    81
  Eat: Pizza             |       |     1 |       ||     1
       Bread ration      |       |     1 |       ||     1
